 Dungeon Crawl Stone Soup version 0.30-a0-723-gc1506a1cf0 (webtiles) character file.

Game seed: 14921203840386457536

976 teh the Sneak (level 8, -14/70 HPs)
             Began as a Naga Conjurer on Jan 28, 2023.
             Demolished by a soul eater (23 damage)
             ... summoned by a kobold demonologist
             ... on level 5 of the Dungeon.
             The game lasted 00:08:33 (5399 turns).

teh the Sneak (Naga Conjurer)                       Turns: 5399, Time: 00:08:34

Health: -14/70     AC:  5    Str:  9    XL:     8   Next: 16%
Magic:  1/22       EV: 10    Int: 21    God:
Gold:   160        SH:  0    Dex: 10    Spells: 3/14 levels left

rFire   . . .      SeeInvis +    x - +5 dagger (protect)
rCold   . . .      Faith    .    (no shield)
rNeg    . . .      Spirit   .    a - +0 robe
rPois   +          Reflect  .    (no helmet)
rElec   .          Harm     .    n - scarf {+Inv}
rCorr   .          Rampage  .    w - +1 pair of gloves
Will    +....                    (no barding)
Stlth   +++                      (no amulet)
HPRegen 0.31/turn                d - ring of magical power
MPRegen 0.18/turn                (no ring)

@: about to teleport, very slow
A: AC +2, large, see invisible, deformed body, poison resistance, slowness 2,
spit poison 1, naga tail 1
a: Spit Poison, Evoke Invisibility


You were on level 5 of the Dungeon.
You visited 1 branch of the dungeon, and saw 7 of its levels.

You collected 160 gold pieces.

Inventory:

Hand Weapons
 x - a +5 dagger of protection (weapon)
Armour
 a - a +0 robe (worn)
 n - a scarf of invisibility (worn)
 w - a +1 pair of gloves (worn)
Jewellery
 d - a ring of magical power (left hand)
Wands
 b - a wand of iceblast (12) (quivered)
Scrolls
 c - a scroll of enchant armour
 f - a scroll of enchant weapon
 g - a scroll of teleportation
 h - a scroll of brand weapon
 m - 3 scrolls of amnesia
 q - 2 scrolls of immolation
Potions
 e - 2 potions of magic
 k - 3 potions of curing
 p - a potion of might
 s - a potion of cancellation {unknown}
 v - a potion of degeneration {unknown}
 z - a potion of attraction {unknown}
 A - a potion of brilliance {unknown}


   Skills:
 + Level 3.6 Fighting
 + Level 3.5 Dodging
 + Level 6.7 Stealth
 + Level 3.9 Spellcasting
 + Level 5.5 Conjurations
 + Level 1.9 Hexes
 + Level 1.8 Translocations


You had 3 spell levels left.
You knew the following spells:

 Your Spells              Type           Power      Damage    Failure   Level
a - Magic Dart            Conj           100%       1d8       1%          1
b - Searing Ray           Conj           54%        2d6       1%          2
c - Fulminant Prism       Conj/Hex       9%         3d6       26%         4
d - Iskenderun's Mystic   Conj/Tloc      19%        2d6       26%         4

Your spell library contained the following spells:

 Spells                   Type           Power      Damage    Failure   Level
 Dazzling Flash           Conj/Hex       38%        N/A       8%          3
 Freeze                   Ice            16%        1d4       12%         1
 Hailstorm                Conj/Ice       15%        3d5       12%         3
 Frozen Ramparts          Ice            8%         1d2       36%         3


Dungeon Overview and Level Annotations

Branches:
Dungeon (7/15)
 Temple: D:4-7

Altars:
Ashenzari
Trog

Annotations:
D:6 Eustachio


Innate Abilities, Weirdness & Mutations

Your serpentine skin is tough. (AC +2)
You have supernaturally acute eyesight. (SInv)
Armour fits poorly on your strangely shaped body.
Your system is resistant to poisons. (rPois)
You cover ground very slowly.
You can spit poison.
You have a snake-like lower body.


Message History

The searing ray hits the quasit.
The quasit is almost dead.
The searing ray hits the quasit.
The quasit is heavily wounded.
You finish channelling your searing ray.
The ynoxinul gestures.
The kobold brigand hits you with a +0 dagger.
The white imp hits you but does no damage.
The kobold hits you but does no damage.
The kobold demonologist casts a spell.
The chaos spawn gores you!
* * * LOW HITPOINT WARNING * * *
You feel your power leaking away. The white imp hits you.
* * * LOW HITPOINT WARNING * * *
The white imp freezes you.
* * * LOW HITPOINT WARNING * * *
The kobold demonologist hits you with a +0 dagger.
* * * LOW HITPOINT WARNING * * *
The kobold brigand closely misses you. The kobold hits you but does no damage.
Casting: Searing Ray (safe; 1% risk of failure)
Confirm with . or Enter, or press ? or * to list all spells.
You don't have enough magic to cast this spell.
You completely miss the kobold demonologist.
The kobold demonologist is almost dead.
The kobold demonologist miscasts a cantrip.
The white imp lashes its tail.
The white imp misses you. The kobold brigand misses you.
The chaos spawn gores you but does no damage.
The kobold hits you with a +0 short sword.
* * * LOW HITPOINT WARNING * * *
You feel better.
The ynoxinul gestures.
The kobold demonologist casts a spell.
The white imp closely misses you. The kobold brigand barely misses you.
The chaos spawn gores you!
* * * LOW HITPOINT WARNING * * *
You blink.
As you read the scroll of teleportation, it crumbles to dust.
You feel strangely unstable. The soul eater hits you!!
You die...

.......# #55.
#55## #3.5#
###.#5#
#5KK5.#
#4#K#5####...
#.#K35.......
#.###@#.####
#.....#
#####.# #.# #
####.#.####
#.........#
###...#####.#
##.......#
#........#


You could see a soul eater (summoned), a kobold demonologist, a kobold brigand,
2 quasits, a white imp (summoned), 5 ufetubi and 2 kobolds.

Vanquished Creatures
  A kobold demonologist (D:5)
  An orc warrior (D:5)
  A black bear (D:4)
  A centaur (D:5)
  A scorpion (D:4)
  2 hounds
  Ijyb (D:3)
  An iguana (D:5)
  9 gnolls
  8 adders
  3 worms (D:4)
  2 dart slugs (D:4)
  11 orcs
  9 endoplasms
  A giant cockroach (D:2)
  6 goblins
  6 hobgoblins
  3 jackals (D:5)
  8 kobolds
  3 quokkas
  7 ball pythons
  5 bats
  5 frilled lizards
  5 rats
100 creatures vanquished.

Vanquished Creatures (others)
  3 fulminant prisms
3 creatures vanquished.

Grand Total: 103 creatures vanquished

Notes
Turn   | Place    | Note
-------+----------+-------------------------------------------
     0 | D:1      | teh the Naga Conjurer began the quest for the Orb.
     0 | D:1      | Reached XP level 1. HP: 15/15 MP: 3/3
   380 | D:1      | Reached XP level 2. HP: 11/24 MP: 3/5
   400 | D:1      | Learned a level 2 spell: Searing Ray
  1008 | D:2      | Reached XP level 3. HP: 30/30 MP: 2/6
  1102 | D:2      | Reached skill level 1 in Fighting
  1464 | D:2      | Reached skill level 4 in Stealth
  1464 | D:2      | Reached XP level 4. HP: 30/38 MP: 3/7
  1873 | D:2      | Found a broken altar of Ashenzari.
  2408 | D:2      | Learned a level 4 spell: Fulminant Prism
  2461 | D:3      | Reached XP level 5. HP: 38/45 MP: 0/9
  2749 | D:3      | Noticed Ijyb
  2764 | D:3      | Killed Ijyb
  3652 | D:4      | Noticed a moth of wrath
  3655 | D:4      | Found a bloodstained altar of Trog.
  3858 | D:4      | Reached skill level 5 in Stealth
  3975 | D:4      | Noticed a black bear
  3982 | D:4      | Killed a black bear
  3983 | D:4      | Reached XP level 6. HP: 30/55 MP: 0/10
  4321 | D:4      | Reached skill level 5 in Conjurations
  4549 | D:4      | Reached XP level 7. HP: 61/61 MP: 6/12
  4950 | D:4      | Learned a level 4 spell: Iskenderun's Mystic Blast
  4979 | D:5      | Entered Level 5 of the Dungeon
  5009 | D:5      | Reached skill level 6 in Stealth
  5133 | D:5      | You fall into a shaft and drop 2 floors!
  5232 | D:6      | Noticed Eustachio
  5249 | D:5      | Noticed a kobold demonologist
  5249 | D:5      | Noticed a kobold demonologist
  5304 | D:5      | Reached skill level 1 in Hexes
  5304 | D:5      | Reached skill level 1 in Translocations
  5385 | D:5      | Noticed a neqoxec
  5385 | D:5      | Killed a kobold demonologist
  5386 | D:5      | Reached XP level 8. HP: 60/70 MP: 4/13
  5392 | D:5      | Noticed a ynoxinul
  5398 | D:5      | Noticed a soul eater
  5399 | D:5      | Demolished by a soul eater

Illustrated notes

Levels and vault maps discovered:
D:1:      amcnicky_arrival_underground_garden, layout_loops_cross,
          serial_park_tiny_1, bh_walls_and_bars
D:2:      layout_basic, basic_altar, hex_medium
D:3:      layout_rooms, nicolae_overflow_hidden_temple, uniq_ijyb
D:4:      layout_gridville, tgw_trog, corner_web_ring
D:5:      layout_loops_ring, nicolae_qazlal_scattered_showers,
          grunt_dithmenos_smoke, serial_shops, kennysheep_little_box,
          grunt_ministairs_6
D:6:      layout_cave_pools, lemuel_tele_altar, mainiacjoe_overflow_alcove_4,
          kiku_gazebo_garden_becter, minmay_temple_entry_offerings,
          hangedman_glass_teeth, uniq_crazy_yiuf_cottage, uniq_eustachio
D:7:      layout_cave_pools, pdpol_wu_jian_five_deadly_venoms,
          kennysheep_opposing_triangles

Skill      XL: |  1  2  3  4  5  6  7 |
---------------+----------------------+-----
Fighting       | 1 2 3 |  3.6
Dodging        | 2 3 |  3.5
Stealth        | 4 5 6 |  6.7
Spellcasting   | 3 |  3.9
Conjurations   | 5 |  5.5
Hexes          | 1 |  1.9
Translocations | 1 |  1.8

Action                     |  1- 3 |  4- 6 |  7- 9 || total
---------------------------+-------+-------+-------++-------
  Melee: Unarmed           |     8 |       |       ||     8
         Club              |     3 |       |       ||     3
         Short sword       |    15 |     3 |       ||    18
         Dagger            |       |    10 |     7 ||    17
   Cast: Magic Dart        |    11 |     1 |     1 ||    13
         Searing Ray       |    15 |    45 |    16 ||    76
         Fulminant Prism   |       |     2 |     1 ||     3
         Iskenderun's Myst |       |       |     1 ||     1
  Evoke: Wand              |       |     3 |     1 ||     4
    Use: Scroll            |       |    13 |     3 ||    16
         Potion            |       |     2 |     2 ||     4
   Stab: Sleeping          |       |     1 |       ||     1
 Armour: Robe              |     1 |    12 |    24 ||    37
  Dodge: Dodged            |    18 |    44 |    41 ||   103

Table legend: (Time is in decaauts)
 A = Elapsed time spent in this place.
 B = Non-inter-level travel time spent in this place.
 C = Inter-level travel time spent in this place.
 D = Time resting spent in this place.
 E = Time spent auto-exploring this place.
 F = Levels seen in this place.
 G = Mean time per level.
                   A        B        C        D        E       F      G
               +--------+--------+--------+--------+--------+-----+--------+
         Total |   6474 |   6194 |    280 |    137 |   5081 |   7 |  924.9 |
       Dungeon |   6474 |   6194 |    280 |    137 |   5081 |   7 |  924.9 |
               +--------+--------+--------+--------+--------+-----+--------+

Top non-repeatable levels by time:
     D:4: 1876 daAuts
     D:2: 1868 daAuts
     D:3: 1164 daAuts
     D:1: 1096 daAuts
     D:5: 312 daAuts
     D:6: 105 daAuts
     D:7: 51 daAuts
